 Dungeon Crawl Stone Soup version 0.30-a0-297-g0ec75d9ef4 (webtiles) character file.

Game seed: 1442642006580453980

27144 greasedhog the Blocker (level 13, -6/82 HPs)
             Began as a Gargoyle Cinder Acolyte on Oct 18, 2022.
             Was an Initiate of Okawaru.
             Killed by the air
             ... invoked by a wind drake
              (13 damage)
             ... on level 5 of the Lair of Beasts.
             The game lasted 00:28:54 (19291 turns).

greasedhog the Blocker (Gargoyle Cinder Acolyte)   Turns: 19291, Time: 00:28:55

Health: -6/82      AC: 26    Str: 28    XL:     13   Next: 30%
Magic:  14/14      EV:  9    Int: 17    God:    Okawaru [......]
Gold:   636        SH: 14    Dex:  7    Spells: 14/14 levels left

rFire   . . .      SeeInvis .    t - +4 whip
rCold   + . .      Faith    .    M - +3 kite shield
rNeg    + . .      Spirit   .    l - +1 chain mail "Nogaesch" {rC+}
rPois   ∞          Reflect  .    H - +0 helmet
rElec   +          Harm     .    (no cloak)
rCorr   .          Rampage  .    P - +2 pair of gloves {Str+3}
Will    .....                    (no boots)
Stlth   ..........               (no amulet)
HPRegen 0.33/turn                i - ring of protection from fire
MPRegen 0.14/turn                y - +6 ring of strength

@: studying Evocations, fire susceptible
A: sickness immunity, AC +9, negative energy resistance 1, electricity
resistance, torment resistance 1, petrification resistance
a: Renounce Religion


You were on level 5 of the Lair of Beasts.
You worshipped Okawaru.
Okawaru was noncommittal.
You visited 2 branches of the dungeon, and saw 15 of its levels.
You also visited: Sewer.

You collected 1104 gold pieces.
You spent 468 gold pieces at shops.

Inventory:

Hand Weapons
 t - a +4 whip (weapon)
 u - a +0 whip of electrocution
Missiles
 g - 28 poisoned darts
 O - 2 throwing nets
Armour
 l - the +1 chain mail "Nogaesch" (worn) {rC+}
   (You bought it in a shop on level 6 of the Dungeon)

   rC:        It protects you from cold.
 H - a +0 helmet (worn)
 M - a +3 kite shield (worn)
 P - a +2 pair of gloves of strength (worn)
Jewellery
 i - a ring of protection from fire (left hand)
 n - a ring of protection from fire
 s - a +4 ring of evasion
 y - a +6 ring of strength (right hand)
 N - a ring of magical power
 S - a ring of ice
Wands
 f - a wand of flame (49) (quivered)
 k - a wand of quicksilver (3)
 G - a wand of digging (2)
 J - a wand of iceblast (20)
 L - a wand of mindburst (2)
 Q - a wand of polymorph (5)
Scrolls
 c - 4 scrolls of enchant weapon
 e - 11 scrolls of teleportation
 j - a scroll of fear
 p - 2 scrolls of enchant armour
 q - a scroll of summoning
 v - a scroll of torment
 z - 2 scrolls of identify
 A - a scroll of immolation {unknown}
 D - a scroll of poison {unknown}
 E - a scroll of amnesia {unknown}
 K - 5 scrolls of magic mapping
 R - a scroll of butterflies {unknown}
Potions
 a - 4 potions of lignification {unknown}
 b - 3 potions of mutation
 d - a potion of resistance
 h - 2 potions of might {unknown}
 m - a potion of cancellation {unknown}
 o - a potion of brilliance {unknown}
 w - 2 potions of attraction {unknown}
 x - 3 potions of degeneration {unknown}
 B - 4 potions of curing {unknown}
 C - 2 potions of heal wounds {unknown}
 F - 2 potions of ambrosia {unknown}
 I - a potion of haste


   Skills:
 - Level 10.0 Fighting
 - Level 12.0 Maces & Flails
 * Level 9.5 Armour
 - Level 5.0 Dodging
 * Level 12.4 Shields
 - Level 1.0 Spellcasting
 - Level 3.0 Fire Magic
 * Level 9.2 Evocations


You had 14 spell levels left.
You didn't know any spells.
Your spell library contained the following spells:

 Spells                   Type           Power      Damage    Failure   Level
 Scorch                   Fire           22%        2d6       63%         2
 Freeze                   Ice            0%         1d3       88%         1
 Kiss of Death            Conj/Necr      0%         2d5       88%         1
 Magic Dart               Conj           0%         1d3       88%         1
 Searing Ray              Conj           0%         2d4       96%         2
 Confusing Touch          Hex            0%         N/A       99%         3
 Frozen Ramparts          Ice            0%         1d1       99%         3
 Hailstorm                Conj/Ice       0%         3d3       99%         3
 Mephitic Cloud           Conj/Pois/Air  0%         N/A       99%         3
 Dispel Undead            Necr           0%         3d6       100%        4
 Fulminant Prism          Conj/Hex       0%         3d6       100%        4
 Fireball                 Conj/Fire      2%         3d4       100%        5
 Iskenderun's Battlesphe  Conj           0%         2d6       100%        5
 Conjure Ball Lightning   Conj/Air       0%         3x3d6     100%        6
 Orb of Destruction       Conj           0%         9d5       100%        7
 Chain Lightning          Conj/Air       0%         N/A       100%        9
 Fire Storm               Conj/Fire      2%         8d1       100%        9
 Shatter                  Erth           0%         3d5*      100%        9
 Call Imp                 Summ           Unusable   N/A       N/A         2

Dungeon Overview and Level Annotations

Branches:
Dungeon (10/15)            Temple (0/1) D:6            Lair (5/5) D:9
  Swamp (0/4) Lair:3        Snake (0/4) Lair:2          Orc (0/2) D:10
  Sewer (visited)
  Slime: Lair:4-5

Altars:
Ashenzari
Elyvilon
Gozag
Hepliaklqana
Okawaru
Ru
Trog
Vehumet
Wu Jian
Xom

Shops:
D:6 [   D:8 :   D:10 [(

Annotations:
D:10 exclusion: orange crystal statue


Innate Abilities, Weirdness & Mutations

You are immune to sickness and miasma.
Your stone body is resilient. (AC +9)
You are immune to poison.
You resist negative energy. (rN+)
You are resistant to electric shocks. (rElec)
You are resistant to unholy torment.
You are immune to petrification.


Message History

The elephant trumpets! x3
A komodo dragon comes into view.
The komodo dragon hisses angrily.
A wind drake comes into view.
Something tramples the bush but does no damage.
Something trunk-slaps the bush but does no damage.
Something tramples the bush but does no damage.
Something trunk-slaps the bush but does no damage.
Something tramples the bush!
Something trunk-slaps the bush but does no damage.
Something tramples the bush.
Something trunk-slaps the bush.
You recover from your berserk rage.
The wind drake flaps its wings at you. The air twists around and strikes you.
The wind drake exhales a fierce blast of wind!
The yak bellows!
You hear a bellow! x2; You hear an angry growl.
The yak bellows! x2
You start to feel less resistant.
The yak bellows! x3
The yak bellows!
The yak gores you but does no damage. The yak attacks as you move away!
You block the yak's attack. The yak gores you! The yak barely misses you.
Your resistance to elements expires.
You block the yak's attack. The yak barely misses you.
A polar bear comes into view.
The yak closely misses you. The yak attacks as you move away!
You block the yak's attack. The yak attacks as you move away!
The yak gores you but does no damage. x2
The wind drake flaps its wings at you. The air twists around and strikes you.
The wind drake flaps its wings at you. The air twists around and strikes you!!
* * * LOW HITPOINT WARNING * * *
You block the polar bear's attack. x2; The polar bear closely misses you.
The yak attacks as you move away! The yak gores you but does no damage.
The wind drake flaps its wings at you. The air twists around and strikes you!
You die...

....#........#####
.................#..
.......k.Y.............#
###....YYl..............
#....YYY.Y.........P..
##.......Y......P##P..
#.....YYh...#P### .P
#..#:...#....### #
#..###.##.@...## P..#
#####.....# ...
##....### #......#
##....P##.. #.<.......
#.......... #.......#.#
#...##...##


You could see an elephant, a wind drake (repels missiles), a polar bear, a
komodo dragon and 9 yaks.

Vanquished Creatures
  Harold (D:9)
  A two-headed ogre (D:9)
  5 death yaks
  6 elephants
  A black mamba (Lair:4)
  Maurice (D:8)
  Joseph (D:7)
  5 cane toads
  3 komodo dragons
  4 rime drakes
  A troll (D:10)
  A polar bear (Lair:1)
  8 blink frogs
  Sigmund (D:4)
  38 yaks
  A wraith (D:10)
  A fire elemental (Lair:4)
  A basilisk (Lair:4)
  4 wyverns
  2 steam dragons
  Edmund (D:4)
  A naga (Lair:2)
  14 water moccasins
  3 orc warriors
  3 black bears
  An ice beast (D:8)
  5 ogres
  20 wolves
  5 centaurs
  A kobold brigand (D:7)
  13 bullfrogs
  2 gnoll sergeants
  3 necrophages
  2 scorpions
  15 killer bees
  9 howler monkeys
  4 crimson imps (D:4)
  3 orc priests
  A gnoll bouda (D:8)
  5 hounds
  A jelly (D:5)
  2 iguanas
  7 orc wizards
  5 hell rats
  14 gnolls
  10 adders
  2 river rats
  A shadow imp (D:7)
  2 ufetubi
  2 worms
  2 dart slugs
  29 orcs
  7 endoplasms
  A giant cockroach (D:4)
  5 goblins
  4 hobgoblins
  4 jackals (D:4)
  2 quokkas
  5 ball pythons
  3 bats
  2 frilled lizards (D:1)
  10 kobolds
  13 rats
  A bush (D:6)
331 creatures vanquished.

Vanquished Creatures (others)
  An orc wizard (D:8)
  A gnoll (D:4)
  An orc (D:9)
  A quokka (D:4)
  52 foxfires
  19 fungi
  22 plants
97 creatures vanquished.

Grand Total: 428 creatures vanquished

Notes
Turn   | Place    | Note
-------+----------+-------------------------------------------
     0 | D:1      | greasedhog the Gargoyle Cinder Acolyte began the quest for
                  | the Orb.
     0 | D:1      | Reached XP level 1. HP: 14/14 MP: 2/2
   277 | D:1      | Reached XP level 2. HP: 19/19 MP: 3/3
   313 | D:1      | Reached skill level 1 in Armour
   799 | D:2      | Reached XP level 3. HP: 24/24 MP: 4/4
  1834 | D:3      | Reached XP level 4. HP: 29/29 MP: 5/5
  2043 | D:3      | Found a faded altar of an unknown god.
  2361 | D:3      | Found an ornate altar of the Wu Jian Council.
  2615 | D:4      | Noticed a scorpion
  2628 | D:4      | Killed a scorpion
  2629 | D:4      | Reached XP level 5. HP: 17/34 MP: 6/6
  2708 | D:4      | Noticed Sigmund
  2714 | D:4      | Found a glowing drain.
  2728 | D:4      | Killed Sigmund
  2729 | D:4      | Reached skill level 5 in Fighting
  2729 | D:4      | Reached XP level 6. HP: 18/40 MP: 7/7
  2842 | Sewer    | Entered a sewer
  3099 | D:4      | Reached skill level 5 in Maces & Flails
  3100 | D:4      | Reached XP level 7. HP: 24/44 MP: 8/8
  3101 | D:4      | Reached skill level 1 in Dodging
  3483 | D:4      | Noticed Edmund
  3501 | D:4      | Killed Edmund
  3706 | D:4      | Found a white marble altar of Elyvilon.
  3740 | D:4      | Found a hazy altar of Hepliaklqana.
  3945 | D:4      | Found a shimmering altar of Xom.
  3957 | D:4      | Reached skill level 5 in Armour
  4272 | D:5      | Entered Level 5 of the Dungeon
  4293 | D:5      | Identified the +4 whip of Iconoclasm {pain, rPois rC+}
  4377 | D:5      | Reached XP level 8. HP: 49/49 MP: 9/9
  5280 | D:5      | Found a broken altar of Ashenzari.
  5529 | D:6      | Reached skill level 1 in Shields
  5552 | D:6      | Found Jibinli's Antique Armour Shop.
  5640 | D:6      | Reached XP level 9. HP: 37/54 MP: 10/10
  5728 | D:6      | Bought a fading chain mail for 237 gold pieces
  5728 | D:6      | Identified the +1 chain mail "Nogaesch" {rC+} (You bought
                  | it in a shop on level 6 of the Dungeon)
  6379 | D:6      | Found a staircase to the Ecumenical Temple.
  6554 | D:6      | Found a bloodstained altar of Trog.
  6687 | D:7      | Reached skill level 5 in Dodging
  6782 | D:7      | Found an opulent altar of Gozag.
  6851 | D:7      | Noticed Joseph
  6886 | D:7      | Killed Joseph
  7033 | D:7      | Identified the +4 spear "Fidu" {drain, rElec Dex+5 Stlth+}
  7053 | D:7      | Reached skill level 5 in Shields
  7406 | D:7      | Reached XP level 10. HP: 60/60 MP: 11/11
  7796 | D:7      | Found a radiant altar of Vehumet.
  8742 | D:8      | Noticed Maurice
  8782 | D:8      | Killed Maurice
  8850 | D:8      | Found Nosch's Book Shop.
  9047 | D:9      | Identified the +2 robe of Ricuhiop {Fly rElec Str+2 Dex+3}
  9119 | D:9      | Noticed Harold
  9949 | D:9      | Killed Harold
  9950 | D:9      | Reached skill level 10 in Maces & Flails
  9950 | D:9      | Reached XP level 11. HP: 58/69 MP: 12/12
 10095 | D:9      | Found a staircase to the Lair.
 10126 | D:9      | Noticed a two-headed ogre
 10142 | D:9      | Killed a two-headed ogre
 10437 | D:10     | Entered Level 10 of the Dungeon
 10449 | D:10     | Found an iron altar of Okawaru.
 10764 | D:10     | Found Vukotala's Armour Shop.
 10848 | D:10     | Found a staircase to the Orcish Mines.
 10850 | D:10     | Found Aratiuca's Weapon Shop.
 10855 | D:10     | Bought a +1 pair of gloves of strength for 231 gold pieces
 11179 | D:10     | Noticed an orange crystal statue
 11335 | Lair:1   | Entered Level 1 of the Lair of Beasts
 12504 | Lair:2   | Reached skill level 10 in Fighting
 12660 | Lair:2   | Reached skill level 1 in Evocations
 12909 | Lair:2   | Identified a scroll of acquirement
 12910 | Lair:2   | Acquired a manual of Evocations
 13286 | Lair:2   | Reached skill level 10 in Shields
 13286 | Lair:2   | Reached XP level 12. HP: 77/77 MP: 13/13
 14030 | Lair:2   | Found a staircase to the Snake Pit.
 14545 | Lair:1   | Reached skill level 5 in Evocations
 15470 | Lair:3   | You fall into a shaft and drop 2 floors!
 15470 | Lair:5   | Entered Level 5 of the Lair of Beasts
 15925 | Lair:3   | Found a staircase to the Swamp.
 16294 | Lair:4   | Identified the +5 rapier "Rowedoip" {spect, *Rage rCorr
                  | Int+2 SInv}
 16686 | Lair:4   | Noticed a death yak
 16714 | Lair:4   | Killed a death yak
 16798 | Lair:4   | Noticed a death yak
 16798 | Lair:4   | Noticed a death yak
 16817 | Lair:4   | Noticed a death yak
 16834 | Lair:4   | Noticed a death yak
 16874 | Lair:3   | Killed a death yak
 17033 | Lair:3   | Killed a death yak
 17275 | Lair:4   | Reached XP level 13. HP: 82/82 MP: 14/14
 17977 | Lair:4   | Found a sacrificial altar of Ru.
 18671 | D:10     | Fell from the grace of Ignis
 18671 | D:10     | Became a worshipper of Warmaster Okawaru
 18883 | Lair:4   | You fall into a shaft and drop 1 floor!
 19260 | Lair:4   | You fall into a shaft and drop 1 floor!
 19291 | Lair:5   | Killed from afar by a wind drake

Illustrated notes

Levels and vault maps discovered:
D:1:      dpeg_arrival_water_temple_mockup, layout_loops_ring
D:2:      layout_loops_corners, minmay_close_crescents
D:3:      layout_loops_cross, marbit_many_paths,
          dreamdust_ecumenical_altar_hidden_monk_grotto
D:4:      layout_layer_cave, led_xom_imps, elyvilon_altar_4,
          amcnicky_altar_gilded, portal_sewer_entry_a, nicolae_grassy_gnolls,
          uniq_sigmund, uniq_edmund
D:5:      layout_basic, cheibrodos_ashenzari_chains, minmay_curled_crystal
D:6:      layout_rooms, lemuel_round_altar, minmay_temple_entry_nine_rooms,
          serial_shops, shop, hangedman_decor_lopped, nrook_mini_backslash,
          kb_lookout_dungeons_type
D:7:      layout_rooms, mainiacjoe_overflow_paths, general_overflow_altar,
          uniq_joseph
D:8:      layout_cave_pools, serial_shops, nicolae_take_the_stairs, uniq_maurice
D:9:      layout_long_grid, dpeg_oklobed_lair, uniq_harold
D:10:     layout_roguey, lemuel_round_altar, orc_david_3, minivault_16
Lair:1:   layout_cave_pods
Lair:2:   layout_hall_layers, guppyfry_snake_entry_island
Lair:3:   layout_roguey, swamp_mist, minivault_24, grunt_megastairs_3,
          infiniplex_staircase_pool_2, lemuel_fruit_tree
Lair:4:   layout_cave_pods, basic_altar, infiniplex_staircase_pool,
          serial_bayou_shore_b
Lair:5:   gammafunk_lair_ancient_temple, layout_layer_cave, slime_entry_2,
          nicolae_quartered_pool_impasse, chequers_serial_rivers_micro_d

Skill      XL: |  1  2  3  4  5  6  7  8  9 10 11 12 13 |
---------------+----------------------------------------+-----
Armour         | 1 2 3 4 5 6 8 9 |  9.5
Fighting       | 4 5 6 8 10 | 10.0
Maces & Flails | 4 5 7 8 10 11 12 | 12.0
Dodging        | 2 4 5 |  5.0
Shields        | 2 5 7 10 11 12 | 12.4
Evocations     | 3 7 9 |  9.2
Spellcasting   | |  1.0
Fire Magic     | |  3.0

Action                   |  1- 3 |  4- 6 |  7- 9 | 10-12 | 13-15 || total
-------------------------+-------+-------+-------+-------+-------++-------
Melee: Mace              |    93 |   129 |    20 |       |       ||   242
       Punch             |       |     2 |     1 |       |       ||     3
       Whip              |       |       |   420 |  1443 |   327 ||  2190
Throw: Dart              |       |       |       |    11 |       ||    11
Invok: Fiery Armour      |       |     2 |     2 |     3 |       ||     7
       Foxfire Swarm     |       |     1 |     1 |     1 |       ||     3
       Rising Flame      |       |       |       |     1 |       ||     1
Evoke: Wand              |       |       |       |    44 |     3 ||    47
  Use: Scroll            |     4 |     2 |     1 |    11 |     2 ||    20
       Potion            |       |     1 |       |     2 |     2 ||     5
Armor: Leather armour    |    41 |       |       |       |       ||    41
       Ring mail         |     7 |       |       |       |       ||     7
       Chain mail        |       |   122 |   299 |   611 |   130 ||  1162
       Steam dragon scal |       |       |     4 |       |       ||     4
Dodge: Dodged            |    64 |    86 |   199 |   322 |    84 ||   755
Block: Buckler           |       |       |    53 |       |       ||    53
       Kite shield       |       |       |    14 |   771 |   205 ||   990

Table legend: (Time is in decaauts)
 A = Elapsed time spent in this place.
 B = Non-inter-level travel time spent in this place.
 C = Inter-level travel time spent in this place.
 D = Time resting spent in this place.
 E = Time spent auto-exploring this place.
 F = Levels seen in this place.
 G = Mean time per level.
                   A        B        C        D        E       F      G
               +--------+--------+--------+--------+--------+-----+--------+
         Total |  18716 |  17770 |    946 |   3784 |  10271 |  16 | 1169.8 |
       Dungeon |  11075 |  10489 |    586 |   1268 |   7220 |  10 | 1107.5 |
          Lair |   7409 |   7049 |    360 |   2516 |   2921 |   5 | 1481.8 |
         Sewer |    231 |    231 |      0 |      0 |    130 |   1 |  231.0 |
               +--------+--------+--------+--------+--------+-----+--------+

Top non-repeatable levels by time:
  Lair:1: 2268 daAuts
  Lair:4: 2007 daAuts
  Lair:3: 1571 daAuts
     D:4: 1541 daAuts
     D:7: 1373 daAuts
  Lair:2: 1311 daAuts
     D:5: 1229 daAuts
     D:6: 1200 daAuts
     D:8: 1144 daAuts
     D:9: 1125 daAuts
     D:2: 1042 daAuts
    D:10: 903 daAuts
     D:3: 808 daAuts
     D:1: 707 daAuts
  Lair:5: 250 daAuts
